 Dungeon Crawl Stone Soup version 0.19-a0-1008-g4c63d25 (webtiles) character file.

32151 epen the Arsonist (level 13, -2/110 HPs)
             Began as a Grey Draconian Fire Elementalist on July 22, 2016.
             Was a High Priest of Vehumet.
             Slain by a river rat (9 damage)
             ... on level 4 of the Lair of Beasts on July 23, 2016.
             The game lasted 01:12:41 (22318 turns).

epen the Arsonist (DrFE)                           Turns: 22318, Time: 01:12:43

Health: -2/110     AC: 21    Str: 13    XL:     13   Next: 29%
Magic:  18/27      EV: 15    Int: 19    God:    Vehumet [*****.]
Gold:   760        SH: 13    Dex: 11    Spells: 9 memorised, 5 levels left

rFire  x . .     SeeInvis .     E - +1 dagger (venom)
rCold  + . .     Gourm    .     (armour unavailable)
rNeg   + + +     Faith    .     A - +2 buckler {AC+3}
rPois  +         Spirit   .     (helmet restricted)
rElec  .         Dismiss  .     J - +0 cloak
rCorr  +         Reflect  +     g - +2 pair of gloves
SustAt .         Harm     .     j - +0 pair of boots of Parts Unknown {rPois rF- rN+++ rCorr}
MR     .....                    Y - +6 amulet of reflection
Stlth  +++.......               V - ring of stealth
                                x - ring of flight

@: very slightly contaminated, not resistant to hostile enchantments, fairly
stealthy
A: walk through water, unfitting armour, stinger 1, cold resistance 1,
unbreathing, cold-blooded, AC +13
a: Renounce Religion, Evoke Flight


You were on level 4 of the Lair of Beasts.
You worshipped Vehumet.
Vehumet was extremely pleased with you.
You were not hungry.

You visited 3 branches of the dungeon, and saw 15 of its levels.

You collected 1016 gold pieces.
You spent 256 gold pieces at shops.

Inventory:

Hand Weapons
 l - a +0 short sword
 n - a +1 dagger of chaos
 E - a +1 dagger of venom (weapon)
Armour
 g - a +2 pair of gloves (worn)
 j - the +0 pair of boots of Parts Unknown (worn) {rPois rF- rN+++ rCorr}
   (You bought it in a shop on level 6 of the Dungeon)

   It makes you vulnerable to fire.
   It protects you from poison.
   It renders you almost immune to negative energy.
   It protects you from acid and corrosion.
 m - a +1 pair of boots
 A - a +2 buckler of protection (worn)
 J - a +0 cloak (worn)
 S - the +3 hat of Pondering {ponderous, MR+ MP+10 Int+5}
   (You took it off Gastronok on level 1 of the Lair of Beasts)

   It affects your intelligence (+5).
   It affects your resistance to hostile enchantments.
   It affects your magic capacity (+10).
Jewellery
 t - an uncursed ring of ice
 x - a ring of flight (left hand)
 C - an uncursed ring of poison resistance
 V - a ring of stealth (right hand)
 Y - a +6 amulet of reflection (around neck)
Wands
 c - a wand of digging (13/24)
 i - a wand of paralysis (14/24)
 y - a wand of lightning (11/15)
 D - a wand of acid (3/15)
 L - a wand of lightning (1/15)
 P - a wand of iceblast (10/15)
 T - a wand of disintegration (4/24)
 U - a wand of iceblast (2/15)
 X - a wand of disintegration (11/24)
Scrolls
 e - 4 scrolls of magic mapping
 k - 6 scrolls of remove curse
 o - 9 scrolls of identify
 p - 2 scrolls of fog
 r - 5 scrolls of blinking
 v - 3 scrolls of amnesia
 w - a scroll of teleportation
 R - a scroll of fear
Potions
 f - 3 potions of cure mutation
 h - 2 potions of heal wounds
 q - a potion of magic
 s - 7 potions of brilliance
 z - 2 potions of agility
 B - 3 potions of haste
 F - 2 potions of might
 K - a potion of lignification {unknown}
 M - 2 potions of mutation
 N - 2 potions of degeneration
 Q - 3 potions of curing
Books
 a - a book of Flames

   Spells                             Type                      Level
   a - Flame Tongue                   Conjuration/Fire             1
   b - Throw Flame                    Conjuration/Fire             2
   c - Conjure Flame                  Conjuration/Fire             3
   d - Inner Flame                    Hexes/Fire                   3
   e - Sticky Flame                   Conjuration/Fire             4
   f - Fireball                       Conjuration/Fire             5
 u - a Fen Folio

   Spells                             Type                      Level
   a - Corpse Rot                     Necromancy                   2
   b - Stone Arrow                    Conjuration/Earth            3
   c - Leda's Liquefaction            Hexes/Earth                  4
   d - Summon Forest                  Summoning/Translocation      5
   e - Hydra Form                     Transmutation                6
   f - Summon Hydra                   Summoning                    7
 G - a book of Unlife

   Spells                             Type                      Level
   a - Recall                         Summoning/Translocation      3
   b - Animate Dead                   Necromancy                   4
   c - Control Undead                 Necromancy                   4
   d - Cigotuvi's Embrace             Necromancy                   5
   e - Death Channel                  Necromancy                   6
   f - Simulacrum                     Ice/Necromancy               6
 I - a book of Frost

   Spells                             Type                      Level
   a - Freeze                         Ice                          1
   b - Throw Frost                    Conjuration/Ice              2
   c - Ozocubu's Armour               Charms/Ice                   3
   d - Throw Icicle                   Conjuration/Ice              4
   e - Summon Ice Beast               Ice/Summoning                4
Comestibles
 b - 6 bread rations
 d - 10 fruits
 H - 2 slices of pizza


   Skills:
 + Level 8.8 Fighting
 + Level 7.4 Dodging
 - Level 1.7 Stealth
 - Level 5.0 Shields
 * Level 10.8 Spellcasting
 + Level 8.2 Conjurations
 + Level 5.2 Hexes
 + Level 3.9 Necromancy
 * Level 11.7 Fire Magic


You had 5 spell levels left.
You knew the following spells:

 Your Spells              Type           Power        Failure   Level  Hunger
a - Flame Tongue          Conj/Fire      #####        1%          1    None
b - Throw Flame           Conj/Fire      #####.       1%          2    None
c - Conjure Flame         Conj/Fire      #####...     1%          3    None
d - Inner Flame           Hex/Fire       #####...     1%          3    None
e - Sticky Flame          Conj/Fire      #####...     1%          4    ##.....
f - Fireball              Conj/Fire      #####.....   1%          5    ####...
g - Ignite Poison         Fire/Tmut/Pois ####....     1%          3    None
h - Bolt of Draining      Conj/Necr      ####......   4%          5    ####...
i - Delayed Fireball      Conj/Fire      N/A          43%         7    #######


Dungeon Overview and Level Annotations

Branches:
Dungeon (10/15)            Temple (1/1) D:4            Lair (4/6) D:9
  Swamp (0/4) Lair:3       Spider (0/4) Lair:3          Orc (0/2) D:9

Altars:
Ashenzari
Cheibriados
Dithmenos
Elyvilon
Fedhas
Gozag
Hepliaklqana
Kikubaaqudgha
Makhleb
Nemelex Xobeh
Okawaru
Pakellas
Qazlal
Ru
Sif Muna
Trog
Uskayaw
Vehumet
Xom
Yredelemnul
Zin
The Shining One

Shops:
D:6 [

Annotations:
D:8 3 exclusions
D:10 Gruud's ghost, journeyman DsTm


Innate Abilities, Weirdness & Mutations

You can walk through water.
Your dull iron-grey scales are very hard. (AC +13)
Your body does not fit into most forms of armour.
You can survive without breathing.
You are cold-blooded and may be slowed by cold attacks.
Your tail ends in a poisonous barb.
Your flesh is cold resistant. (rC+)


Message History

The river rat misses you. The river rat bites you!
* * * LOW HITPOINT WARNING * * *
The river rat bites you but does no damage.
You hit the lindwurm but do no damage.
The lindwurm is almost dead.
The lindwurm completely misses you. The lindwurm claws you.
* * * LOW HITPOINT WARNING * * *
You block the lindwurm's attack. The river rat misses you.
You block the river rat's attack. The river rat barely misses you.
The river rat bites you but does no damage. x2
You block the river rat's attack.
You barely miss the lindwurm.
The lindwurm is almost dead.
The lindwurm breathes flames at you. The blast of flame hits you!
The fire burns you terribly!
* * * LOW HITPOINT WARNING * * *
The river rat barely misses you. You block the river rat's attack.
The river rat closely misses you. The river rat misses you.
You block the river rat's attack. The river rat bites you!
You die...

#...#............#....
..........P.............
......P...............P#
..........P..P........##.
.##....P...................
.##........................
.(##...P....P...r..........
...............krr.........
#..............r@r.##......
#).......#.P...rr).#.......
.........##..####........#
.(.......##### #.......##
..÷#.#...P# ####........#
.÷###..P.P####.......##....
.)(#####..#.#.........# ...
#### #..........>....# ..
.## ##.....P#>.......#


You could see a lindwurm and 7 river rats.

Vanquished Creatures
  Gastronok (Lair:1)
  Erolcha (D:9)
  Erica (D:8)
  A hydra (Lair:2)
  Urug (Lair:4)
  A hill giant (D:10)
  3 griffons
  5 elephants (Lair:4)
  Maurice (D:8)
  4 black mambas
  9 spiny frogs
  A rime drake (Lair:2)
  4 komodo dragons
  3 meliai (Lair:4)
  6 two-headed ogres (D:9)
  13 blink frogs
  Grinder (D:4)
  4 slime creatures (D:9)
  A wyvern (Lair:4)
  11 yaks
  3 hippogriffs (Lair:4)
  2 basilisks
  Menkaure (D:7)
  A hungry ghost (D:7)
  3 water moccasins
  8 wargs
  3 porcupines
  3 orc warriors
  3 sky beasts
  A wasp (D:9)
  An ice beast (D:8)
  2 black bears
  An eye of draining (D:10)
  A phantom (D:8)
  3 centaurs
  17 ogres
  6 wolves
  22 crocodiles
  A big kobold (D:7)
  8 giant frogs
  A water moccasin skeleton (D:6)
  A scorpion (D:9)
  37 killer bees
  3 wights (D:5)
  2 howler monkeys
  3 crimson imps
  A centaur zombie (D:9)
  4 jellies
  4 hounds
  A centaur skeleton (D:8)
  6 orc priests
  2 giant frog skeletons
  9 iguanas
  11 orc wizards
  8 worker ants
  A killer bee zombie (D:9)
  4 sheep (Lair:3)
  2 hound zombies
  11 adders
  11 gnolls
  28 river rats
  3 shadow imps
  2 oozes
  An adder skeleton (D:8)
  2 worms
  4 dart slugs
  9 giant geckos
  47 orcs
  6 bats
  8 giant cockroaches
  7 goblins
  8 hobgoblins
  25 jackals
  17 kobolds
  5 quokkas
  15 giant newts
  A quokka skeleton (D:7)
  12 rats
  2 fungi (Lair:4)
  2 plants (Lair:1)
488 creatures vanquished.

Vanquished Creatures (others)
  A very ugly thing (D:7)
  The ghost of Multipenetrator the Thaumaturge, a novice DECj of Vehumet (Lair:1)
  A river rat (Lair:4)
  A fulminant prism (Lair:1)
  23 fungi
  11 plants
38 creatures vanquished.

Grand Total: 526 creatures vanquished

Notes
Turn   | Place    | Note
-------+----------+-------------------------------------------
     0 | D:1      | epen the Draconian Fire Elementalist began the quest for the Orb.
     0 | D:1      | Reached XP level 1. HP: 14/14 MP: 3/3
   483 | D:1      | Reached XP level 2. HP: 19/20 MP: 3/5
  1081 | D:1      | Reached XP level 3. HP: 27/27 MP: 3/6
  1121 | D:1      | Learned a level 2 spell: Throw Flame
  1125 | D:1      | Learned a level 3 spell: Conjure Flame
  1632 | D:2      | Reached XP level 4. HP: 34/34 MP: 0/8
  2086 | D:2      | Reached skill level 4 in Fire Magic
  2242 | D:2      | Found a hazy altar of Hepliaklqana.
  2243 | D:2      | Found a shimmering altar of Xom.
  2243 | D:2      | Noticed a wyvern
  2244 | D:2      | Noticed a wyvern
  2244 | D:2      | Noticed a spectral ugly thing
  2331 | D:2      | Reached skill level 1 in Fighting
  2517 | D:3      | Found a blossoming altar of Fedhas.
  2520 | D:3      | Found an ancient bone altar of Kikubaaqudgha.
  2537 | D:3      | Reached XP level 5. HP: 40/40 MP: 4/9
  2822 | D:3      | Learned a level 3 spell: Inner Flame
  2895 | D:3      | Found a faded altar of an unknown god.
  3572 | D:3      | Reached XP level 6. HP: 34/48 MP: 1/11
  3954 | D:4      | Noticed Grinder
  3960 | D:4      | Paralysed by Grinder for 2 turns
  3969 | D:4      | Killed Grinder
  3969 | D:4      | Reached skill level 5 in Fire Magic
  4124 | D:4      | Found a staircase to the Ecumenical Temple.
  4242 | Temple   | Entered the Ecumenical Temple
  4475 | Temple   | Became a worshipper of Vehumet
  4530 | D:4      | You fall through a shaft!
  4530 | D:5      | Entered Level 5 of the Dungeon
  4860 | D:4      | Your scales start taking on a dull iron-grey colour.
  4860 | D:4      | Reached XP level 7. HP: 52/56 MP: 8/12
  4860 | D:4      | Gained mutation: You can survive without breathing. [Grey Draconian growth]
  5067 | D:5      | Found a stormy altar of Qazlal.
  5658 | D:5      | Gained mutation: Your flesh is cold resistant. (rC+) [mutagenic meat]
  5661 | D:5      | Gained mutation: Your tail ends in a poisonous barb. [mutagenic meat]
  6186 | D:5      | Reached * piety under Vehumet
  6186 | D:5      | Offered knowledge of Sting by Vehumet.
  6186 | D:5      | Reached XP level 8. HP: 63/63 MP: 8/15
  6357 | D:5      | Found a sparkling altar of Nemelex Xobeh.
  6558 | D:6      | Found a sacrificial altar of Ru.
  6593 | D:6      | Reached skill level 6 in Fire Magic
  6606 | D:6      | Learned a level 4 spell: Sticky Flame
  6613 | D:6      | Reached skill level 5 in Spellcasting
  6867 | D:6      | Found Pozuts's Antique Armour Emporium.
  6870 | D:6      | Bought a pair of faintly humming boots for 256 gold pieces
  6870 | D:6      | Identified the +0 pair of boots of Parts Unknown {rPois rF- rN+++ rCorr} (You bought it in a shop on level 6 of the Dungeon)
  7149 | D:6      | Found an iron altar of Okawaru.
  7422 | D:7      | Noticed Menkaure
  7430 | D:7      | Killed Menkaure
  7818 | D:7      | Reached skill level 7 in Fire Magic
  7818 | D:7      | Reached XP level 9. HP: 40/72 MP: 9/17
  8125 | D:7      | Found an oddly glowing altar of Pakellas.
  8126 | D:7      | Noticed a brown very ugly thing
  8137 | D:7      | Killed a brown very ugly thing
  8201 | D:8      | Offered knowledge of Magic Dart by Vehumet.
  8205 | D:8      | Reached ** piety under Vehumet
  8465 | D:8      | Noticed Maurice
  8490 | D:8      | Noticed Erica
  8522 | D:8      | Killed Erica
  8522 | D:8      | Reached skill level 5 in Fighting
  8522 | D:8      | Reached skill level 5 in Dodging
  8522 | D:8      | Reached skill level 5 in Conjurations
  9122 | D:8      | Learned a level 5 spell: Fireball
  9201 | D:8      | Reached skill level 8 in Fire Magic
  9375 | D:8      | Offered knowledge of Dazzling Spray by Vehumet.
  9445 | D:8      | Noticed an orc knight
  9495 | D:7      | HP: 2/74 [warg (5)]
  9792 | D:7      | Reached XP level 10. HP: 37/81 MP: 16/20
 10011 | D:7      | Identified a scroll of acquirement
 10153 | D:8      | Killed Maurice
 10532 | D:8      | Reached *** piety under Vehumet
 10552 | D:8      | Reached skill level 1 in Shields
 11263 | D:9      | Reached skill level 9 in Fire Magic
 11338 | D:9      | Offered knowledge of Fulminant Prism by Vehumet.
 11558 | D:9      | Reached skill level 1 in Hexes
 11736 | D:9      | Noticed Erolcha
 12494 | D:9      | Reached XP level 11. HP: 81/91 MP: 17/23
 12945 | D:9      | Killed Erolcha
 13324 | D:9      | Found a staircase to the Lair.
 13739 | D:9      | Found a staircase to the Orcish Mines.
 14008 | D:9      | HP: 3/91 [slime creature (7)]
 14636 | D:10     | Entered Level 10 of the Dungeon
 14656 | D:10     | Found a shadowy altar of Dithmenos.
 14791 | D:10     | Noticed a hill giant
 14800 | D:10     | Killed a hill giant
 14934 | D:10     | Reached **** piety under Vehumet
 14960 | D:10     | Noticed Gruud's ghost (journeyman DsTm)
 15198 | Lair:1   | Entered Level 1 of the Lair of Beasts
 15374 | Lair:1   | Offered knowledge of Ignite Poison by Vehumet.
 15433 | Lair:1   | Noticed Multipenetrator's ghost (novice DECj)
 15740 | Lair:1   | Killed Multipenetrator's ghost
 15833 | Lair:1   | Reached skill level 10 in Fire Magic
 15909 | Lair:1   | Learned a level 3 spell: Ignite Poison
 16440 | Lair:1   | Noticed Gastronok
 16956 | Lair:1   | Killed Gastronok
 16956 | Lair:1   | Reached XP level 12. HP: 27/100 MP: 6/25
 17889 | Lair:2   | Reached ***** piety under Vehumet
 18120 | Lair:2   | Offered knowledge of Bolt of Draining by Vehumet.
 18127 | Lair:2   | Learned a level 5 spell: Bolt of Draining
 18467 | Lair:2   | Reached skill level 1 in Necromancy
 18747 | Lair:2   | Reached skill level 10 in Spellcasting
 18930 | Lair:2   | Noticed a five-headed hydra
 18939 | Lair:2   | Killed a five-headed hydra
 19078 | Lair:2   | Reached skill level 11 in Fire Magic
 19569 | Lair:2   | Reached skill level 5 in Shields
 20078 | Lair:3   | Found a hole to the Spider Nest.
 20325 | Lair:3   | Found a staircase to the Swamp.
 21238 | Lair:4   | Reached XP level 13. HP: 37/108 MP: 13/27
 21240 | Lair:4   | Offered knowledge of Delayed Fireball by Vehumet.
 21249 | Lair:4   | Learned a level 7 spell: Delayed Fireball
 21413 | Lair:4   | HP: 2/108 [spiny frog (13)]
 21822 | Lair:4   | Noticed Urug
 21828 | Lair:4   | Killed Urug
 21828 | Lair:4   | Reached skill level 5 in Hexes
 22318 | Lair:4   | Slain by a river rat

Vault maps used:
D:1:      tarquinn_simple_flora_water_a
D:2:      regret_index_temple_of_mockery, corexii_shack, kennysheep_potato
D:3:      grunt_temple_overflow_growth_and_decay, ecumenical_altar_2
D:4:      first_bread, uniq_grinder
D:5:      nemelex_xobeh_ov_fountains_minmay, grunt_qazlal_clouds
D:6:      overflow_temple_1_default, okawaru_ov_weapons_minmay, serial_shops,
          kennysheep_mini, minmay_misc_feat_four_crosses
D:7:      gammafunk_pakellas_spire_experiment, uniq_menkaure
D:8:      lemuel_castle_with_subvaults, uniq_maurice, uniq_erica
D:9:      lemuel_ogre_cave, lair_0_dummy, orc_0_dummy
D:10:     basic_altar, uniq_erolcha
Temple:   minmay_temple_curvy_branch
Lair:1:   hibernation_bobbens, serial_bayou_shore_a, grunt_megastairs_2,
          uniq_gastronok
Lair:2:   lemuel_reptile_caves
Lair:3:   swamp_mist_pool, spider_nest_entry_web_field
Lair:4:   hangedman_what_comes_after_a, lemuel_fruit_tree, uniq_urug

Skill      XL: |  1  2  3  4  5  6  7  8  9 10 11 12 13 |
---------------+----------------------------------------+-----
Dodging        | 2 3 4 5 6 7 |  7.4
Fire Magic     | 4 5 7 8 9 10 11 | 11.7
Fighting       | 1 2 3 4 5 6 7 8 |  8.8
Conjurations   | 2 3 4 5 6 7 8 |  8.2
Spellcasting   | 3 4 5 7 8 9 10 | 10.8
Shields        | 2 4 5 |  5.0
Hexes          | 1 3 4 5 |  5.2
Necromancy     | 3 |  3.9
Stealth        | |  1.7

Action                   |  1- 3 |  4- 6 |  7- 9 | 10-12 | 13-15 || total
-------------------------+-------+-------+-------+-------+-------++-------
Melee: Unarmed           |    27 |       |       |       |       ||    27
       Short sword       |    57 |    18 |       |       |       ||    75
       Tailslap          |     4 |     9 |    51 |   109 |    14 ||   187
       Dagger            |       |    87 |   616 |   732 |   110 ||  1545
 Cast: Flame Tongue      |    45 |    65 |   178 |   147 |     2 ||   437
       Throw Flame       |     3 |     2 |    19 |   180 |    33 ||   237
       Conjure Flame     |       |     2 |     4 |     6 |       ||    12
       Inner Flame       |       |     2 |     2 |     6 |       ||    10
       Sticky Flame      |       |       |     5 |    46 |     9 ||    60
       Fireball          |       |       |       |    49 |     6 ||    55
       Ignite Poison     |       |       |       |    31 |    27 ||    58
       Bolt of Draining  |       |       |       |     2 |       ||     2
Evoke: Wand              |       |       |     4 |       |       ||     4
  Use: Potion            |       |     1 |     3 |       |     3 ||     7
       Scroll            |       |       |     7 |    20 |       ||    27
 Stab: Sleeping          |     3 |     2 |     1 |     3 |       ||     9
       Distracted        |       |       |     1 |       |       ||     1
  Eat: Chunk             |     3 |     9 |    10 |    41 |     3 ||    66
       Pizza             |       |       |     1 |     1 |       ||     2
       Royal jelly       |       |       |     1 |       |       ||     1
       Beef jerky        |       |       |     2 |     1 |     1 ||     4
       Meat ration       |       |       |     1 |     1 |       ||     2
       Bread ration      |       |       |       |     1 |       ||     1
       Fruit             |       |       |       |     1 |       ||     1
Armor: Skin              |    22 |    38 |   292 |   371 |    85 ||   808
Dodge: Dodged            |    60 |    85 |   475 |   610 |   177 ||  1407
Block: Buckler           |       |       |       |   113 |   162 ||   275
       Other             |       |       |       |     8 |       ||     8
       Reflection        |       |       |       |       |     3 ||     3
